Map: Acropolis LE

Players

Zerg - Winner!

  • Race: Protoss Protoss
  • League: Diamond
  • Spawn Location: 11:00

ICBreaker

  • Race: Zerg Zerg
  • League: Diamond
  • Spawn Location: 5:00

VOD

Have the link to the VOD?

Description

Time

  • Played on: Nov. 24, 2019, 12:49 p.m.
  • Length: 20:22
Show
View Real Time Build Order
Export as new Build Order

Zerg Protoss - Winner!

Build Orders: Carriers 

Get SALT Encoding   

  12  0:01  Probe  
  13  0:17  Pylon  
  13  0:19  Probe  
  14  0:40  Forge  
  14  0:42  Probe  
  15  0:54  Probe  
  16  1:02  Pylon  
  16  1:08  Probe  
  17  1:21  Photon Cannon  
  17  1:24  Pylon  
  17  1:26  Gateway  
  17  1:49  Photon Cannon  
  17  1:51  Probe  
  18  2:00  Assimilator  
  18  2:03  Probe  
  18  2:05  Assimilator  
  19  2:08  Pylon  
  19  2:15  Probe  
  19  2:16  Zealot  
  22  2:23  Cybernetics Core  
  22  2:27  Probe (Chrono Boost)  
  23  2:40  Probe (Chrono Boost)  
  24  2:45  Probe (Chrono Boost)  
  24  2:47  Zealot  
  27  2:54  Probe  
  28  3:08  Photon Cannon  
  28  3:10  Stargate  
  28  3:12  Probe  
  29  3:15  Zealot  
  31  3:27  Shield Battery  
  31  3:53  Stargate  
  31  4:00  Void Ray (Chrono Boost)  
  29  4:37  Void Ray (Chrono Boost)  
  33  4:45  Assimilator  
  33  4:48  Probe  
  34  4:52  Nexus  
  34  4:57  Void Ray (Chrono Boost)  
  34  5:00  Probe  
  39  5:10  Pylon  
  39  5:44  Photon Cannon  
  39  5:47  Shield Battery  
  39  5:49  Probe  
  36  5:51  Assimilator  
  36  6:01  Probe  
  34  6:13  Probe  
  34  6:14  Void Ray x2  
  42  6:32  Probe  
  43  6:40  Pylon x2  
  43  6:44  Probe  
  44  6:50  Protoss Air Weapons Level 1 (Chrono Boost)  
  44  6:56  Probe  
  45  7:01  Shield Battery  
  45  7:03  Photon Cannon  
  45  7:06  Photon Cannon  
  46  7:08  Probe (Chrono Boost)  
  46  7:20  Probe (Chrono Boost)  
  46  7:21  Photon Cannon  
  47  7:25  Probe (Chrono Boost)  
  47  7:27  Shield Battery  
  47  7:29  Pylon  
  48  7:34  Probe  
  49  7:47  Probe  
  35  8:30  Probe  
  36  8:41  Fleet Beacon  
  36  8:43  Probe  
  36  8:46  Protoss Air Armor Level 1 (Chrono Boost)  
  37  8:55  Probe (Chrono Boost)  
  38  8:57  Shield Battery  
  38  8:58  Photon Cannon x2  
  38  9:07  Probe (Chrono Boost)  
  38  9:09  Probe (Chrono Boost)  
  40  9:15  Probe (Chrono Boost)  
  42  9:17  Probe (Chrono Boost)  
  42  9:22  Probe x2 (Chrono Boost)  
  50  9:32  Carrier (Chrono Boost)  
  50  9:33  Probe x2  
  52  9:44  Carrier (Chrono Boost)  
  52  9:45  Probe  
  59  9:48  Probe  
  60  9:58  Probe  
  61  10:00  Probe  
  62  10:10  Probe  
  62  10:13  Pylon  
  63  10:21  Stargate  
  63  10:25  Carrier  
  69  10:34  Probe  
  70  10:47  Protoss Air Weapons Level 2 (Chrono Boost)  
  70  10:55  Carrier  
  76  11:02  Pylon  
  76  11:09  Probe  
  77  11:20  Nexus  
  63  11:59  Carrier x2  
  75  12:03  Carrier  
  81  12:20  Pylon  
  81  12:23  Pylon  
  81  12:35  Probe (Chrono Boost)  
  82  12:41  Shield Battery  
  83  12:45  Probe (Chrono Boost)  
  83  12:47  Shield Battery  
  83  12:49  Photon Cannon x2  
  83  12:50  Probe (Chrono Boost)  
  83  12:54  Probe  
  85  13:01  Probe  
  86  13:06  Probe  
  87  13:13  Probe  
  87  13:17  Protoss Air Weapons Level 3 (Chrono Boost)  
  87  13:18  Probe  
  89  13:25  Probe  
  90  13:28  Protoss Shields Level 1 (Chrono Boost)  
  90  13:30  Probe  
  91  13:37  Probe  
  92  13:42  Probe  
  92  13:48  Carrier  
  99  13:49  Probe  
  99  13:54  Probe  
  101  13:56  Carrier  
  108  14:06  Probe  
  95  14:48  Nexus  
  95  14:49  Shield Battery  
  95  14:50  Shield Battery  
  95  14:53  Photon Cannon  
  95  14:54  Photon Cannon  
  95  15:27  Carrier  
  93  15:31  Carrier  
  93  15:44  Protoss Air Armor Level 2 (Chrono Boost)  
  93  15:52  Pylon x2  
  93  16:00  Void Ray  
  97  16:05  Stargate x2  
  97  16:25  Assimilator  
  97  16:26  Assimilator  
  97  16:31  Shield Battery  
  97  16:33  Photon Cannon  
  97  16:34  Photon Cannon  
  97  16:41  Void Ray x2  
  97  16:42  Void Ray  
  97  16:46  Nexus  
  109  16:55  Pylon x2  
  109  17:13  Void Ray  
  109  17:14  Void Ray  
  105  17:24  Void Ray  
  109  17:34  Void Ray x2  
  117  18:02  Probe  
  102  18:14  Probe  
  103  18:30  Void Ray x2  
  103  18:31  Void Ray x2  
  119  18:38  Assimilator  
  119  18:41  Assimilator  
Show
View Real Time Build Order
Export as new Build Order

ICBreaker Zerg 

Build Orders: Hatch First 

Get SALT Encoding   

  12  0:00  Drone  
  13  0:12  Overlord  
  13  0:17  Drone  
  14  0:31  Drone x2  
  14  0:34  Drone  
  17  0:52  Hatchery  
  17  0:54  Drone  
  17  0:57  Drone  
  18  1:09  Extractor  
  17  1:13  Spawning Pool  
  17  1:18  Drone  
  17  1:19  Drone  
  19  1:39  Drone  
  21  1:40  Extractor, Drone  
  20  1:53  Overlord  
  20  1:57  Hatchery  
  19  2:03  Roach Warren  
  19  2:07  Drone  
  19  2:09  Queen, Spine Crawler  
  20  2:24  Drone  
  20  2:25  Drone  
  26  2:44  Roach x2  
  26  2:50  Burrow  
  26  2:54  Roach  
  28  3:06  Ravager x2  
  28  3:08  Overlord  
  28  3:11  Queen  
  32  3:13  Drone  
  33  3:22  Ravager  
  34  3:28  Drone  
  34  3:29  Drone  
  34  3:31  Drone  
  37  3:53  Roach  
  38  4:04  Spine Crawler  
  38  4:05  Spine Crawler, Roach x2  
  40  4:23  Roach x2  
  44  4:58  Overlord x4  
  44  5:02  Hatchery  
  43  5:10  Lair  
  43  5:17  Ravager x3  
  43  5:19  Roach x3  
  52  5:31  Spore Crawler  
  51  5:38  Drone x6  
  37  6:26  Zergling x24  
  37  6:27  Zergling x6  
  37  6:31  Spore Crawler  
  37  6:32  Spore Crawler  
  50  6:37  Metabolic Boost  
  48  6:43  Hydralisk Den  
  45  7:02  Drone  
  45  7:03  Drone x6  
  52  7:12  Ravager  
  52  7:13  Ravager  
  52  7:14  Drone x2  
  52  7:15  Drone  
  56  7:43  Spore Crawler x2  
  54  7:44  Spore Crawler  
  54  7:45  Queen  
  46  8:11  Drone x2  
  46  8:12  Drone x10  
  55  8:19  Drone  
  49  8:30  Grooved Spines  
  49  8:31  Hydralisk x2  
  52  8:36  Extractor  
  52  8:37  Extractor  
  52  8:40  Spore Crawler  
  49  8:44  Spore Crawler, Queen  
  50  8:57  Spore Crawler  
  50  8:59  Spore Crawler  
  50  9:00  Drone x3  
  50  9:02  Drone x3  
  54  9:23  Hydralisk x4  
  62  9:26  Hydralisk  
  62  9:29  Hatchery  
  63  9:42  Muscular Augments, Evolution Chamber  
  63  9:43  Hydralisk x2, Evolution Chamber  
  63  9:45  Hydralisk  
  67  9:52  Overlord  
  67  9:53  Overlord  
  67  10:15  Zerg Missile Weapons Level 1  
  67  10:16  Zerg Ground Armor Level 1  
  67  10:17  Hydralisk x3  
  73  10:34  Hydralisk x4  
  81  10:36  Zergling x2  
  82  11:03  Baneling Nest  
  81  11:07  Drone x9  
  90  11:11  Extractor  
  90  11:12  Extractor  
  88  11:19  Hydralisk  
  69  11:54  Hydralisk x10  
  89  12:07  Spore Crawler  
  88  12:14  Overlord x4  
  88  12:15  Overlord x3  
  88  12:21  Zerg Missile Weapons Level 2  
  88  12:27  Queen  
  88  12:28  Spire  
  89  12:38  Drone x3  
  89  12:40  Drone x3  
  89  12:41  Drone x8  
  103  12:47  Zerg Ground Armor Level 2  
  103  12:52  Hydralisk  
  105  13:07  Hydralisk x4  
  113  13:21  Hydralisk x5  
  123  13:29  Queen  
  123  13:32  Hydralisk  
  123  13:33  Hydralisk x2  
  130  13:41  Zerg Flyer Weapons Level 1  
  130  13:52  Corruptor x2  
  130  13:54  Hatchery  
  124  14:17  Hydralisk x7  
  80  14:38  Spore Crawler  
  80  14:39  Spore Crawler x3  
  80  14:44  Spore Crawler x2  
  80  14:45  Corruptor, Spore Crawler x2  
  73  14:46  Corruptor x2  
  78  15:00  Spore Crawler  
  78  15:03  Spore Crawler x2  
  75  15:12  Queen  
  67  15:35  Corruptor  
  67  15:36  Corruptor x3  
  75  15:49  Corruptor  
  77  16:14  Hydralisk x5  
  87  16:34  Zerg Flyer Weapons Level 2, Corruptor  
  87  16:35  Corruptor  
  91  16:48  Hydralisk x4  
  99  17:07  Corruptor  
  99  17:08  Corruptor x2  
  105  17:13  Hydralisk x2  
  93  17:29  Corruptor x3  
  95  17:48  Hydralisk x6  
  79  18:15  Corruptor  
  79  18:16  Corruptor x3  
  79  18:31  Corruptor  
  81  18:41  Corruptor x2  
  81  18:44  Zergling x24  
  96  18:56  Corruptor  
  96  18:59  Hydralisk x2  
  93  19:21  Spire  
  79  19:36  Corruptor x2  
  64  19:51  Spore Crawler  
  63  19:53  Spore Crawler x2  
  63  19:54  Spore Crawler  
  59  20:15  Spore Crawler  
Tags
 
Composition
Carriers
Matchup
PvZ
Spawn Locations
Cross Positions
Add a new tag
Caveats
  • Supply blocks, unpowered buildings, or Contaminate may cause inaccurate times.
  • Supply counts are checked every 10 seconds.